[Event "Early-Titled-Tuesday-Blitz-June-18-2024"]
[Site "Chess.com"]
[Date "2024.06.18"]
[Round "3"]
[White "vugarrasulov"]
[Black "suyu28"]
[Result "0-1"]
[WhiteElo "2969"]
[BlackElo "2773"]
[TimeControl "180+1"]
[EndTime "8:33:27 PDT"]
[Termination "suyu28 won on time"]

1. Nf3 Nf6 2. c4 b6 3. g3 c5 4. Bg2 Bb7 5. O-O e6 6. d4 cxd4 7. Qxd4 a6 8. Nc3 d6 9. Bg5 Nbd7 10. Nd2 Bxg2 11. Kxg2 h6 12. Bxf6 Nxf6 13. Nde4 Nxe4 14. Nxe4 Qc7 15. Rfd1 Rd8 16. a4 h5 17. h4 f6 18. a5 bxa5 19. Qc3 Be7 20. b3 Qb7 21. Qf3 Qb6 22. Rd3 f5 23. Nd2 g6 24. Qe3 Qxe3 25.
Rxe3 Kd7 26. Rxa5 Ra8 27. Rd3 Kc6 28. e4 Rhb8 29. exf5 gxf5 30. Nf3 Bd8 31. Ra2 Bb6 32. Ng5 e5 33. Rad2 Bc5 34. Ne6 Bb4 35. Rd1 a5 36.
Ng7 Rf8 37. Nxh5 Rf7 38. Rf3 Rg8 39. Rd5 Bc5 40. Kf1 Rg6 41. Ke2 Rf8 42. Kd1 Rf7 43. Kc2 Rf8 44. Rd1 Kd7 45. Rg1 Ke7 46. Ra1 Bb4 47.
Rg1 Rf7 48. Kd1 Ke6 49. g4 fxg4 50. Rxf7 Kxf7 51. Ng3 Bc5 52. Ke2 Rh6 53. h5 Ke6 54. Rh1 Bd4 55. Ne4 Kf5 56. Ng3+ Kg5 57. Rd1 Kf4 58. Rd2 Bc5 59. Ra2 Bb4 60. Ra1 Kg5 61.
Ke3 Rh8 62. Ke4 Bc5 63. Kd5 Bb4 64. Rd1 Kf4 65. Rh1 Kf3 66. Ne4 Rh6 67. Rh2 Kf4 68.
Ng3 Kf3 69. Nf5 Rf6 70. h6 Rxf5 71. h7 Rf8 72. h8=Q Rxh8 73. Rxh8 Kxf2 74. Rf8+ Ke3 75. Rg8 Kf3 76. Rf8+ Kg3 77. Ke4 Bc5 78. Rg8 Kh3 79.
Rh8+ Kg3 80. Rg8 Kh3 81. Rg6 Bb4 82. Ke3 Bc5+ 83. Ke2 Kg3 84. Rg8 Kf4 85. Rf8+ Ke4 86. Rf7 g3 87. Rg7 Bf2 88. Rg4+ Kf5 89. Kf3 Ke6 90. Rg6+ Kd7 91. Ke4 Kc6 92. Kf3 Kc5 93.
Re6 Kc6 94. Rh6 Kc5 95. Rg6 Be1 96. Rg8 Kb4 97. Rb8+ Kc3 98. Rb5 Kc2 99. Rb6 Kb2 100. Rxd6 Kxb3 101. c5 Bb4 102. Rb6 Kc4 103. c6 Bd6 104.
Rb7 a4 105. Rd7 Bb8 106. Rd8 Bc7 107. Rc8 Bd6 108. Ke4 g2 109. Rg8 Kc5 110. Rxg2 Kxc6 111. Rd2 a3 112. Kd3 Kd5 113. Kc3+ Ke6 114. Re2 Kd5 115. Kd3 Bc5 116. Ra2 e4+ 117. Kc3 Bd4+ 118. Kd2 Bb2 119. Ke3 Ke5 120. Ke2 Kd4 121. Kd2 e3+ 122. Ke2 Ke4 123. Ke1 Kd3 124. Kd1 e2+ 125. Ke1 Bc3+ 126. Kf2 e1=Q+ 127. Kf3 Qe4+ 128. Kf2 Bb2 129. Ra1 Bxa1 0-1

[Event "Early-Titled-Tuesday-Blitz-June-18-2024"]
[Site "Chess.com"]
[Date "2024.06.18"]
[Round "3"]
[White "Nozdrachev_Leonid"]
[Black "bangchess21"]
[Result "0-1"]
[WhiteElo "2564"]
[BlackElo "2770"]
[TimeControl "180+1"]
[EndTime "8:33:41 PDT"]
[Termination "bangchess21 won on time"]

1. d4 Nc6 2. e4 d5 3. Nc3 e6 4.
Nf3 Nf6 5. e5 Nd7 6. Bb5 f6 7. O-O Be7 8. Re1 f5 9. Ng5 Bxg5 10. Qh5+ g6 11. Qxg5 Qxg5 12. Bxg5 Nxd4 13. Rad1 h6 14. Bf6 Nxb5 15. Nxb5 Nxf6 16. Nxc7+ Ke7 17. exf6+ Kd6 18. Nxa8 Bd7 19. c4 Bc6 20. b4 Rxa8 21. b5 Bd7 22. cxd5 e5 23. f4 e4 24. g4 fxg4 25.
Rxe4 Rf8 26. Ra4 a6 27. Rb4 axb5 28. a4 Rxf6 29. axb5 Rf8 30. Kg2 Rc8 31. Rb3 Rc2+ 32. Kg3 Rc5 33. b6 Rc4 34. Re3 Rb4 35. Ra1 Rxb6 36.
Ra8 Kxd5 37. Rd3+ Ke6 38. Rg8 Kf7 39. Rh8 Bf5 40. Rc3 h5 41. Rh7+ Kf6 42. Rhc7 Be4 43. R7c5 Re6 44. Re5 Rxe5 45. fxe5+ Kxe5 46. Rc5+ Bd5 47. Rb5 Ke4 48. Kh4 Bc6 49. Rb3 Kf5 50. Rc3 Be8 51.
Rc5+ Kf4 52. Rc4+ Kf5 53. Rc5+ Kf6 54. Rc8 g5+ 55. Kg3 h4+ 56. Kg2 Bc6+ 57. Kf2 Bd5 58. Rf8+ Ke5 59. Re8+ Be6 60. Rf8 b5 61. Rb8 Bd7 62.
Rb7 Kd6 63. Rb6+ Ke5 64. Rb8 Be6 65. Rxb5+ Kf4 66. Rb4+ Kf5 67. Rb5+ Kf6 68. Rb4 Bd7 69. Rb5 Bf5 70. Rb6+ Be6 71. Rb5 Bd7 72. Rb6+ Ke5 73. Rb7 Be6 74. Rb5+ Bd5 75. Ra5 Ke6 76. Ra6+ Kf5 77.
Ra5 Ke4 78. Ra4+ Ke5 79. Ra5 Kd4 80. Ra4+ Bc4 81. Ra5 Bd5 82. Ra4+ Kc5 83. Ra5+ Kc6 84. Ra6+ Kc5 85. Rg6 Kd4 86. Rxg5 Be6 87. Rh5 h3 88. Kg3 Ke4 89. Ra5 Bf5 90. Ra4+ Ke5 91. Ra5+ Kf6 92. Kf4 Be6 93. Ra6 Ke7 94. Ra3 Bd7 95.
Ke5 Bc8 96. Ra7+ Bd7 97. Ra3 Kd8 98. Kf6 Bc6 99. Rc3 Bf3 100. Ke5 Kd7 101. Kf4 g3 102.
Rxf3 g2 103. Rg3 g1=Q 104. Kf3 Ke6 105. Kg4 Qd1+ 106. Kxh3 Qh5+ 107. Kg2 Qe2+ 108. Kg1 Kf5 109. Kh1 Qf1+ 110. Rg1 Qf3+ 111. Rg2 Kf4 112. Kg1 Qd1+ 113. Kf2 Qd2+ 114. Kg1 Qd4+ 115. Kf1 Qc4+ 116. Kf2 Qa2+ 117. Kf1 Qa1+ 118. Kf2 Qh1 0-1

[Event "Early-Titled-Tuesday-Blitz-June-18-2024"]
[Site "Chess.com"]
[Date "2024.06.18"]
[Round "4"]
[White "JAN2404"]
[Black "Philosopherrr"]
[Result "1-0"]
[WhiteElo "2052"]
[BlackElo "2433"]
[TimeControl "180+1"]
[EndTime "8:35:01 PDT"]
[Termination "JAN2404 won by resignation"]

1. e4 e5 2. Nc3 Nc6 3. Bc4 Bc5 4. Qg4 Qf6 5. Nd5 Qg6 6. Qxg6 hxg6 7. Nxc7+ Kd8 8.
Nxa8 Nf6 9. d3 d6 10. Be3 a6 11. Bxc5 dxc5 12. Nb6 1-0

[Event "Early-Titled-Tuesday-Blitz-June-18-2024"]
[Site "Chess.com"]
[Date "2024.06.18"]
[Round "4"]
[White "KRSilva"]
[Black "chess123456s"]
[Result "0-1"]
[WhiteElo "2398"]
[BlackElo "2613"]
[TimeControl "180+1"]
[EndTime "8:35:37 PDT"]
[Termination "chess123456s won by resignation"]

1. d4 Nf6 2. c4 e6 3. Nc3 Bb4 4.
a3 Bxc3+ 5. bxc3 c5 6. e3 Nc6 7.
Nf3 b6 8. d5 Na5 9. d6 Ba6 10.
Qa4 Ne4 11. Bd3 Nxd6 12. e4 Bxc4 13. Bb1 Bb3 0-1

[Event "Early-Titled-Tuesday-Blitz-June-18-2024"]
[Site "Chess.com"]
[Date "2024.06.18"]
[Round "4"]
[White "JunjiCol"]
[Black "SHIVACalypso"]
[Result "0-1"]
[WhiteElo "2350"]
[BlackElo "2531"]
[TimeControl "180+1"]
[EndTime "8:35:39 PDT"]
[Termination "SHIVACalypso won by resignation"]

1. d4 Nf6 2. c4 d6 3. Nc3 e5 4. dxe5 dxe5 5. Qxd8+ Kxd8 6. Nf3 Nbd7 7. Bg5 Bb4 8.
O-O-O Bxc3 9. bxc3 Ke7 10. e3 h6 11. Bxf6+ Kxf6 12. Bd3 Nc5 13. Nd2 Nxd3+ 14. Kc2 Nc5 15. f4 Bf5+ 16. Kb2 exf4 17. Rhf1 fxe3 18. Nf3 e2 0-1

[Event "Early-Titled-Tuesday-Blitz-June-18-2024"]
[Site "Chess.com"]
[Date "2024.06.18"]
[Round "4"]
[White "Gryffindorac8"]
[Black "LewAnatol"]
[Result "1-0"]
[WhiteElo "2474"]
[BlackElo "2244"]
[TimeControl "180+1"]
[EndTime "8:36:01 PDT"]
[Termination "Gryffindorac8 won by resignation"]

1. d4 d5 2. c4 e6 3. Nf3 c5 4. cxd5 exd5 5. g3 Nc6 6. Bg2 Nf6 7. O-O Be7 8. Nc3 O-O 9. Bg5 c4 10. e3 h6 11. Bxf6 Bxf6 12. Nd2 Be6 13. b3 Qa5 14. bxc4 Qxc3 15. cxd5 Bxd5 16. Bxd5 Nxd4 17. Ne4 Qxa1 18. Nxf6+ 1-0

[Event "Early-Titled-Tuesday-Blitz-June-18-2024"]
[Site "Chess.com"]
[Date "2024.06.18"]
[Round "4"]
[White "MarlonJodar"]
[Black "publicaccountcze"]
[Result "1-0"]
[WhiteElo "2345"]
[BlackElo "2169"]
[TimeControl "180+1"]
[EndTime "8:36:05 PDT"]
[Termination "MarlonJodar won by resignation"]

1. e4 c5 2. Nf3 e6 3. d4 cxd4 4. Nxd4 a6 5. c4 Qc7 6. a3 Nf6 7. Nc3 Be7 8. Be3 d6 9. Rc1 b6 10. Be2 Nbd7 11. f3 Bb7 12. Qd2 O-O 13. O-O Rac8 14.
Rfd1 Ne5 15. b4 Nxc4 16. Bxc4 Qxc4 17. Nd5 exd5 18. Rxc4 dxc4 19. Nf5 c3 20. Nxe7+ Kh8 21.
Qf2 Rce8 22. Nf5 1-0

[Event "Early-Titled-Tuesday-Blitz-June-18-2024"]
[Site "Chess.com"]
[Date "2024.06.18"]
[Round "4"]
[White "dianamirza"]
[Black "Guldona_2007"]
[Result "0-1"]
[WhiteElo "1791"]
[BlackElo "2257"]
[TimeControl "180+1"]
[EndTime "8:36:13 PDT"]
[Termination "Guldona_2007 won by resignation"]

1. e4 c5 2. Nf3 d6 3. d4 cxd4 4. Nxd4 Nf6 5. Nc3 Nc6 6. Bb5 Bd7 7. Nxc6 bxc6 8. Bd3 e5 9. O-O Be7 10. Be3 O-O 11.
f3 d5 12. Ne2 dxe4 13. Bxe4 Nxe4 14. fxe4 Bg4 15. h3 Qxd1 16. Raxd1 Bxe2 0-1

[Event "Early-Titled-Tuesday-Blitz-June-18-2024"]
[Site "Chess.com"]
[Date "2024.06.18"]
[Round "4"]
[White "Muifel"]
[Black "Ati1517"]
[Result "1-0"]
[WhiteElo "2452"]
[BlackElo "2016"]
[TimeControl "180+1"]
[EndTime "8:36:25 PDT"]
[Termination "Muifel won by checkmate"]

1. e4 c5 2. d4 cxd4 3. c3 dxc3 4.
Nxc3 Nc6 5. Bc4 e6 6. Nf3 Bc5 7. O-O Nge7 8. Bg5 h6 9. Bh4 O-O 10. e5 a6 11. Ne4 Ba7 12. Nd6 b5 13. Bd3 g5 14. Nxg5 hxg5 15. Qh5 Nf5 16. Bxg5 Qb6 17. Bf6 Nxe5 18. Qh8# 1-0

[Event "Early-Titled-Tuesday-Blitz-June-18-2024"]
[Site "Chess.com"]
[Date "2024.06.18"]
[Round "4"]
[White "aot317"]
[Black "TheAlienParty"]
[Result "1-0"]
[WhiteElo "2521"]
[BlackElo "2326"]
[TimeControl "180+1"]
[EndTime "8:36:34 PDT"]
[Termination "aot317 won by resignation"]

1. d4 Nf6 2. c4 e6 3. Nf3 d5 4. g3 dxc4 5. Bg2 Bb4+ 6. Nbd2 a5 7. O-O c6 8. Nxc4 b5 9. Nce5 Nfd7 10. Qc2 Nxe5 11.
Nxe5 Qxd4 12. Nxc6 Qb6 13. Nxb4 axb4 14. Bxa8 O-O 15.
Bg2 Na6 16. Be3 Qa5 17. a3 Bd7 18. axb4 Nxb4 19. Qd2 1-0

[Event "Early-Titled-Tuesday-Blitz-June-18-2024"]
[Site "Chess.com"]
[Date "2024.06.18"]
[Round "4"]
[White "annazero"]
[Black "GoltsevDmitry2000"]
[Result "0-1"]
[WhiteElo "2524"]
[BlackElo "2714"]
[TimeControl "180+1"]
[EndTime "8:36:37 PDT"]
[Termination "GoltsevDmitry2000 won by resignation"]

1. g3 h5 2. h4 d5 3. Bg2 c6 4. d4 Nf6 5. c4 g6 6. Nc3 dxc4 7. Nf3 Bg7 8. Ne5 Ng4 9. Nxg4 Bxg4 10. d5 O-O 11. O-O cxd5 12. Qxd5 Qxd5 13. Nxd5 Nc6 14. e4 e6 15. Be3 exd5 0-1

[Event "Early-Titled-Tuesday-Blitz-June-18-2024"]
[Site "Chess.com"]
[Date "2024.06.18"]
[Round "4"]
[White "jguerramzllo"]
[Black "Manukyan_Artak"]
[Result "1-0"]
[WhiteElo "2668"]
[BlackElo "2488"]
[TimeControl "180+1"]
[EndTime "8:37:03 PDT"]
[Termination "jguerramzllo won by resignation"]

1. e4 c6 2. d4 d5 3. Nc3 dxe4 4. Nxe4 Nf6 5. Nxf6+ exf6 6. Bc4 Bd6 7. Qe2+ Qe7 8.
Qxe7+ Kxe7 9. Ne2 Be6 10. Bd3 Nd7 11. Bf4 Nb6 12. O-O-O a5 13. Bxd6+ Kxd6 14. b3 a4 15. c4 Kc7 16. Kb2 axb3 17. axb3 Ra5 18. f4 Rha8 19.
Bb1 Bg4 20. Rd2 Re8 21. Nc3 Re7 22. h3 Bf5 23. d5 cxd5 24. cxd5 1-0

[Event "Early-Titled-Tuesday-Blitz-June-18-2024"]
[Site "Chess.com"]
[Date "2024.06.18"]
[Round "4"]
[White "campochess"]
[Black "Dexter_Dyke"]
[Result "0-1"]
[WhiteElo "2221"]
[BlackElo "2489"]
[TimeControl "180+1"]
[EndTime "8:37:06 PDT"]
[Termination "Dexter_Dyke won by checkmate"]

1. d4 Nf6 2. Bg5 c5 3. d5 Qb6 4.
Nc3 Qxb2 5. Bd2 Qb6 6. e4 d6 7. f4 e5 8. fxe5 dxe5 9. Bb5+ Nbd7 10. Rb1 Qd8 11. Nf3 Bd6 12. O-O a6 13. Be2 b5 14. Re1 b4 15. Na4 Nxe4 16. Bd3 Nxd2 17. Qxd2 O-O 18. Ng5 Nf6 19. Bc4 h6 20. Ne4 Nxe4 21.
Rxe4 f5 22. Ree1 e4 23. Kh1 Qh4 24. Nb6 Qxh2# 0-1

[Event "Early-Titled-Tuesday-Blitz-June-18-2024"]
[Site "Chess.com"]
[Date "2024.06.18"]
[Round "4"]
[White "NovakRatko"]
[Black "azikom"]
[Result "0-1"]
[WhiteElo "2431"]
[BlackElo "2698"]
[TimeControl "180+1"]
[EndTime "8:37:18 PDT"]
[Termination "azikom won by resignation"]

1. d4 Nf6 2. c4 c5 3. dxc5 Qa5+ 4. Nc3 g6 5. e4 Nxe4 6. Qd4 Nf6 7. Bd2 Nc6 8. Nd5 Nxd4 9. Bxa5 Nxd5 10. O-O-O Nc6 11.
Bd2 Nf6 12. b4 Bg7 13. a4 a5 14. b5 Nb4 15. Nf3 Ne4 16. Be3 Nc3 17. Re1 O-O 18. Bd4 Bxd4 19. Nxd4 Nxa4 20. Rxe7 Nxc5 21. h4 b6 22. Kb2 Bb7 23. h5 Rae8 24. Rxe8 Rxe8 25.
hxg6 hxg6 0-1

[Event "Early-Titled-Tuesday-Blitz-June-18-2024"]
[Site "Chess.com"]
[Date "2024.06.18"]
[Round "4"]
[White "Zohid6"]
[Black "Artyom_ChessMate"]
[Result "1-0"]
[WhiteElo "2975"]
[BlackElo "2546"]
[TimeControl "180+1"]
[EndTime "8:37:27 PDT"]
[Termination "Zohid6 won by resignation"]

1. e4 c5 2. Nf3 d6 3. Bb5+ Bd7 4. Bxd7+ Qxd7 5. c4 Nc6 6. Nc3 g6 7. O-O Bg7 8. a3 Nf6 9. Rb1 O-O 10. b4 Rac8 11. d3 b6 12. h3 h6 13. Be3 e6 14.
Qd2 Kh7 15. Rfd1 d5 16. cxd5 exd5 17. e5 d4 18. exf6 dxe3 19. Qxe3 Bxf6 20. Ne4 Bd4 21. bxc5 bxc5 22. Nxd4 Qxd4 23. Nxc5 Qe4 24. Nxe4 1-0

[Event "Early-Titled-Tuesday-Blitz-June-18-2024"]
[Site "Chess.com"]
[Date "2024.06.18"]
[Round "4"]
[White "KogotBobra17"]
[Black "Louis-Paulsen-Fan"]
[Result "1-0"]
[WhiteElo "2672"]
[BlackElo "2440"]
[TimeControl "180+1"]
[EndTime "8:38:00 PDT"]
[Termination "KogotBobra17 won by resignation"]

1. e4 Nf6 2. e5 Nd5 3. d4 d6 4.
c4 Nb6 5. f4 dxe5 6. fxe5 c5 7.
d5 e6 8. Nc3 exd5 9. cxd5 Qh4+ 10. g3 Qd4 11. Bf4 g5 12. Bxg5 Qxe5+ 13. Qe2 Bg7 14.
Nb5 O-O 15. Qxe5 Bxe5 16. Nf3 a6 17. Nxe5 axb5 18. Nd3 Re8+ 19. Kf2 Nxd5 20. Nxc5 Nc6 21. Bg2 b6 22. Bxd5 Re5 23. Bxc6 1-0

[Event "Early-Titled-Tuesday-Blitz-June-18-2024"]
[Site "Chess.com"]
[Date "2024.06.18"]
[Round "4"]
[White "Milop27"]
[Black "Stanbad1"]
[Result "0-1"]
[WhiteElo "2436"]
[BlackElo "2715"]
[TimeControl "180+1"]
[EndTime "8:38:02 PDT"]
[Termination "Stanbad1 won by resignation"]

1. e4 e6 2. d4 d5 3. e5 c5 4.
c3 Nc6 5. Nf3 Bd7 6. a3 c4 7. h4 Na5 8. Nbd2 Ne7 9. h5 h6 10. g4 b5 11. Bh3 Nec6 12. Kf1 Be7 13. Kg2 Nb7 14. Nf1 a5 15. Bd2 a4 16. Ng3 Nba5 17.
Nh2 Nb3 18. Rb1 Qc7 19. f4 f6 20. Nf3 fxe5 21. Nxe5 Nxe5 22. fxe5 O-O-O 23. Qe2 Rdf8 24. Rbf1 Qd8 25. Be3 Bg5 26. Rxf8 Rxf8 27. Rf1 Rxf1 28. Nxf1 Nc1 29. Qf3 Nd3 30. Qe2 Bxe3 31. Qxe3 Nxb2 32. Nh2 Qe7 33. Nf3 Qxa3 34. g5 hxg5 35. Qxg5 Qf8 36.
Qg6 Nd3 0-1

[Event "Early-Titled-Tuesday-Blitz-June-18-2024"]
[Site "Chess.com"]
[Date "2024.06.18"]
[Round "4"]
[White "BigAl"]
[Black "Bob_2004"]
[Result "0-1"]
[WhiteElo "2553"]
[BlackElo "2764"]
[TimeControl "180+1"]
[EndTime "8:38:05 PDT"]
[Termination "Bob_2004 won by resignation"]

1. Nf3 d5 2. g3 Nc6 3. Bg2 e5 4.
d3 Nf6 5. O-O Be7 6. a3 a5 7. b3 O-O 8. Bb2 d4 9. c3 Re8 10. Nbd2 Bc5 11. cxd4 exd4 12. Rc1 Qe7 13. Rxc5 Qxc5 14. Re1 Bf5 15. Qa1 Rad8 16. Kf1 h6 17.
Nh4 Be6 18. Rc1 Qd6 19. Nc4 Qd7 20. Nd2 Bh3 21. Re1 Bxg2+ 22. Kxg2 Ne5 23. Qc1 Qd5+ 24. Kg1 c6 25. Qc2 Re6 26. Qc4 Nxc4 0-1

[Event "Early-Titled-Tuesday-Blitz-June-18-2024"]
[Site "Chess.com"]
[Date "2024.06.18"]
[Round "4"]
[White "Rhinos1"]
[Black "nitpicker"]
[Result "0-1"]
[WhiteElo "2040"]
[BlackElo "2324"]
[TimeControl "180+1"]
[EndTime "8:38:10 PDT"]
[Termination "nitpicker won on time"]

1. e4 c5 2. d4 cxd4 3. c3 dxc3 4. Nxc3 Nc6 5. Nf3 d6 6. Bc4 a5 7. O-O e6 8. Qe2 Be7 9. Rd1 Bd7 10. Bf4 Qb8 11. e5 d5 12. Nxd5 exd5 13. Bxd5 Qc8 0-1

[Event "Early-Titled-Tuesday-Blitz-June-18-2024"]
[Site "Chess.com"]
[Date "2024.06.18"]
[Round "4"]
[White "PapaieDudu"]
[Black "cmunda"]
[Result "0-1"]
[WhiteElo "2334"]
[BlackElo "2190"]
[TimeControl "180+1"]
[EndTime "8:38:15 PDT"]
[Termination "cmunda won by resignation"]

1. Nf3 d5 2. d4 g6 3. c4 Bg7 4.
Nc3 Nf6 5. cxd5 Nxd5 6. e4 Nxc3 7. bxc3 O-O 8. Be3 Nd7 9. Be2 c5 10. O-O cxd4 11. cxd4 b6 12. d5 Bb7 13. Nd4 Rc8 14. f4 Nc5 15. Bf3 e6 16. dxe6 Nxe6 17. Nxe6 fxe6 18. Qb3 Bxa1 19. Qxe6+ Rf7 20. Rxa1 Qe7 21. Qb3 Bxe4 22. Bg4 Bd5 23. Qxd5 Qxe3+ 24. Kf1 Qxf4+ 25. Bf3 Qxh2 26. Re1 Qh1+ 27. Kf2 Rc2+ 28. Re2 Qh4+ 29. Ke3 Qe7+ 30. Kd3 Rxe2 31. Bxe2 Qd7 32. Bf3 Qxd5+ 33. Bxd5 Kg7 34. Bxf7 Kxf7 0-1

[Event "Early-Titled-Tuesday-Blitz-June-18-2024"]
[Site "Chess.com"]
[Date "2024.06.18"]
[Round "4"]
[White "ManMish2"]
[Black "Gyulamiryan-koryun"]
[Result "1-0"]
[WhiteElo "2644"]
[BlackElo "1605"]
[TimeControl "180+1"]
[EndTime "8:38:18 PDT"]
[Termination "ManMish2 won by resignation"]

1. e4 c5 2. c3 d5 3. exd5 Qxd5 4. Nf3 Nc6 5. Na3 Nf6 6. Bc4 Qd8 7. O-O Bg4 8. Qb3 e6 9. Qxb7 Rc8 10. Bb5 Bxf3 11. gxf3 Qd7 12. Qxd7+ Nxd7 13. Nc4 Be7 14. d3 O-O 15. Bf4 Nf6 16. Rfd1 Nd5 17. Bg3 h5 18. h4 g5 19. hxg5 Bxg5 20. Nd6 Rc7 21. Ne4 h4 22. Bxc7 Nxc7 23. Bxc6 1-0

[Event "Early-Titled-Tuesday-Blitz-June-18-2024"]
[Site "Chess.com"]
[Date "2024.06.18"]
[Round "4"]
[White "Patricius007"]
[Black "Larina_Maria"]
[Result "1-0"]
[WhiteElo "2537"]
[BlackElo "2358"]
[TimeControl "180+1"]
[EndTime "8:38:19 PDT"]
[Termination "Patricius007 won by resignation"]

1. e4 c6 2. c4 d5 3. cxd5 cxd5 4. exd5 Nf6 5. Nc3 Nxd5 6. Bc4 Nb6 7. Bb3 Nc6 8. Nf3 e6 9. d4 Bb4 10. O-O O-O 11. Bf4 Bxc3 12. bxc3 Nd5 13. Bd2 Na5 14. c4 Nxb3 15. axb3 Nc7 16. Bg5 Qd6 17. Qe2 Re8 18. Rfd1 Bd7 19. Ne5 Bc6 20. Qh5 Rf8 21. Bc1 Be4 22.
Ba3 Qb6 23. Bxf8 Rxf8 24. Nd7 Qxb3 25. Nxf8 Kxf8 26. Qc5+ 1-0

[Event "Early-Titled-Tuesday-Blitz-June-18-2024"]
[Site "Chess.com"]
[Date "2024.06.18"]
[Round "4"]
[White "MaestroCheck"]
[Black "artooon"]
[Result "0-1"]
[WhiteElo "2641"]
[BlackElo "3103"]
[TimeControl "180+1"]
[EndTime "8:38:24 PDT"]
[Termination "artooon won by resignation"]

1. e4 c5 2. Nc3 Nc6 3. Bb5 Nd4 4. Nf3 Nf6 5. e5 Nxb5 6. Nxb5 Nd5 7. Ng5 f6 8. Ne4 Qb6 9. Nbc3 Qe6 10. Nxc5 Qxe5+ 11. Qe2 Nxc3 12. dxc3 Qxc5 13. Be3 Qc6 14. f3 b6 15.
O-O-O e6 16. Rhe1 Be7 17. Qd2 Bb7 18. Bd4 O-O 19. h4 d5 20. h5 h6 21. g4 e5 22.
Be3 Bc5 23. Bxh6 gxh6 24. Qxh6 Rf7 25. g5 fxg5 26. Qxg5+ Rg7 27. Qxe5 Qd6 28. Qf5 Rf8 29. Qd3 Qf4+ 30. Kb1 Qf5 31. Qe2 Qxf3 32. Qe6+ Qf7 33.
Qh6 Qf6 34. Qd2 Qf4 35. Qd3 Rg3 36. Qb5 Qf5 37. Rf1 Rf3 38. Rh1 Rf2 39. h6 Qxc2+ 40. Ka1 Kh8 41. Rc1 Qe2 42. Qb3 Rf1 0-1

[Event "Early-Titled-Tuesday-Blitz-June-18-2024"]
[Site "Chess.com"]
[Date "2024.06.18"]
[Round "4"]
[White "ChristopherYoo"]
[Black "HATilay"]
[Result "1-0"]
[WhiteElo "3020"]
[BlackElo "2630"]
[TimeControl "180+1"]
[EndTime "8:38:25 PDT"]
[Termination "ChristopherYoo won by resignation"]

1. e4 c5 2. Nf3 d6 3. d4 cxd4 4.
Nxd4 Nf6 5. Nc3 a6 6. a3 Nc6 7. Bg5 e6 8. Qd2 Be7 9. O-O-O Bd7 10. f4 b5 11. Be2 Qb6 12. Bf3 Rb8 13. Nxc6 Bxc6 14.
e5 Bxf3 15. gxf3 dxe5 16. fxe5 Nd5 17. Nxd5 exd5 18. Bxe7 Kxe7 19. Qg5+ Kf8 20. Rxd5 h6 21. Qf4 1-0

[Event "Early-Titled-Tuesday-Blitz-June-18-2024"]
[Site "Chess.com"]
[Date "2024.06.18"]
[Round "4"]
[White "fourqueens13"]
[Black "Arteler"]
[Result "1-0"]
[WhiteElo "2405"]
[BlackElo "2201"]
[TimeControl "180+1"]
[EndTime "8:38:29 PDT"]
[Termination "fourqueens13 won on time"]

1. e4 e6 2. d4 d5 3. Nc3 Nf6 4. e5 Nfd7 5. f4 c5 6. Nf3 Nc6 7. Be3 cxd4 8. Nxd4 a6 9. Qd2 Be7 10. O-O-O Qa5 11. Nb3 Qb4 12. a3 d4 13. axb4 dxe3 14. Qxe3 Nxb4 15. Ne4 Nd5 16. Qf3 Kf8 17. c4 Nb4 18.
Nd6 b5 19. Qxa8 1-0

[Event "Early-Titled-Tuesday-Blitz-June-18-2024"]
[Site "Chess.com"]
[Date "2024.06.18"]
[Round "4"]
[White "MANOJ_MISHRA123"]
[Black "Veleamater"]
[Result "0-1"]
[WhiteElo "2193"]
[BlackElo "2400"]
[TimeControl "180+1"]
[EndTime "8:38:29 PDT"]
[Termination "Veleamater won by resignation"]

1. d4 d6 2. Nf3 g6 3. h4 Nf6 4. Nc3 Bg7 5. e4 Nc6 6. Bc4 O-O 7. Ng5 h6 8. Nh3 Nd7 9. Be3 Nb6 10. Bb3 e5 11. dxe5 Nxe5 12. Nf4 Kh7 13. a4 a5 14.
h5 g5 15. Nfd5 Nbc4 16. Bd4 c6 17. Bb6 Nxb6 18. Nxb6 Qxb6 19. Qxd6 Re8 20. O-O-O Be6 21. Nd5 Bxd5 22. Rxd5 Rad8 23. Qc5 Qxc5 24. Rxc5 Bf8 25. Rxa5 Bb4 26. Ra7 Re7 27. a5 Bc5 0-1

[Event "Early-Titled-Tuesday-Blitz-June-18-2024"]
[Site "Chess.com"]
[Date "2024.06.18"]
[Round "4"]
[White "RebelJohnny"]
[Black "RobertoJBM"]
[Result "1-0"]
[WhiteElo "2597"]
[BlackElo "2797"]
[TimeControl "180+1"]
[EndTime "8:38:33 PDT"]
[Termination "RebelJohnny won by resignation"]

1. e4 c6 2. d4 d5 3. Nd2 dxe4 4.
Nxe4 Nd7 5. Ng5 Ngf6 6. Bd3 e6 7. N1f3 Bd6 8. Qe2 h6 9. Ne4 Nxe4 10. Qxe4 Qc7 11. O-O b6 12. Qg4 g5 13. Qh3 Rg8 14.
Re1 g4 15. Qxh6 gxf3 16. Rxe6+ fxe6 17. Qxe6+ Kf8 18. Bh6+ Rg7 19. Bxg7+ Kxg7 20. Qg6+ Kf8 21. Qh6+ Ke7 22. Re1+ Ne5 23. dxe5 Bc5 24. Qf6+ Kd7 25. e6+ 1-0

[Event "Early-Titled-Tuesday-Blitz-June-18-2024"]
[Site "Chess.com"]
[Date "2024.06.18"]
[Round "4"]
[White "Shield12"]
[Black "InitiatingASC"]
[Result "1-0"]
[WhiteElo "2881"]
[BlackElo "2439"]
[TimeControl "180+1"]
[EndTime "8:38:35 PDT"]
[Termination "Shield12 won by checkmate"]

1. d4 d5 2. c4 e6 3. Nf3 a6 4.
Nc3 Nf6 5. cxd5 exd5 6. Bf4 Be7 7.
e3 Nbd7 8. h3 Nf8 9. Bd3 Ne6 10.
Bh2 O-O 11. O-O g6 12. Ne5 Ng7 13. g4 h5 14. Qf3 c6 15. Bg3 Be6 16. Ne2 Qc8 17.
g5 Nd7 18. h4 Nxe5 19. Bxe5 Bg4 20. Qg3 Bf5 21. Bxg7 Bxd3 22. Bxf8 Bxf8 23. Rfe1 Qd7 24. Nf4 Bd6 25. a3 Re8 26. Rad1 Bf5 27. f3 Qc7 28.
Qf2 Rxe3 29. Qxe3 Bxf4 30. Qe8+ Kg7 31. Re7 Bh2+ 32. Kh1 Qg3 33. Rxf7# 1-0

[Event "Early-Titled-Tuesday-Blitz-June-18-2024"]
[Site "Chess.com"]
[Date "2024.06.18"]
[Round "4"]
[White "AjedrezInteligente"]
[Black "Yan_Dyomin2010"]
[Result "0-1"]
[WhiteElo "2419"]
[BlackElo "2646"]
[TimeControl "180+1"]
[EndTime "8:38:42 PDT"]
[Termination "Yan_Dyomin2010 won by checkmate"]

1. e4 c5 2. c3 Nf6 3. e5 Nd5 4. d4 cxd4 5. Nf3 Nc6 6. cxd4 d6 7. Bc4 Nb6 8. Bb5 Bd7 9. O-O e6 10. Nc3 Be7 11. exd6 Bxd6 12. d5 exd5 13. Nxd5 Be6 14. Nxb6 axb6 15. Nd4 O-O 16. Nxe6 fxe6 17. Bc4 Bxh2+ 18.
Kh1 Qf6 19. Qg4 Be5 20. Bg5 Qg6 21. Qxe6+ Qxe6 22. Bxe6+ Kh8 23. Rab1 Bd4 24. f3 h6 25. Bd2 Rfe8 26. Bd5 Rad8 27. Be4 Re5 28. Bc3 Rh5# 0-1

[Event "Early-Titled-Tuesday-Blitz-June-18-2024"]
[Site "Chess.com"]
[Date "2024.06.18"]
[Round "4"]
[White "Durarbayli"]
[Black "suyu28"]
[Result "1-0"]
[WhiteElo "2947"]
[BlackElo "2769"]
[TimeControl "180+1"]
[EndTime "8:38:47 PDT"]
[Termination "Durarbayli won by resignation"]

1. e4 c6 2. d4 d5 3. exd5 cxd5 4.
c4 Nf6 5. Nc3 Nc6 6. Nf3 Bg4 7.
cxd5 Nxd5 8. Qb3 Bxf3 9. gxf3 e6 10. Qxb7 Nxd4 11. Bb5+ Nxb5 12. Qc6+ Ke7 13. Qc5+ Nd6 14. Nxd5+ exd5 15. O-O Rc8 16. Qxd5 Kd7 17. Rd1 Qf6 18.
Bg5 Qe6 19. Qb5+ Rc6 20. Rac1 1-0

[Event "Early-Titled-Tuesday-Blitz-June-18-2024"]
[Site "Chess.com"]
[Date "2024.06.18"]
[Round "4"]
[White "elamier"]
[Black "carokannlover213"]
[Result "0-1"]
[WhiteElo "2476"]
[BlackElo "2690"]
[TimeControl "180+1"]
[EndTime "8:38:47 PDT"]
[Termination "carokannlover213 won by resignation"]

1. d4 e6 2. c4 Bb4+ 3. Bd2 a5 4.
Nf3 Nf6 5. e3 O-O 6. Bd3 d5 7.
O-O b6 8. Nc3 Ba6 9. Qe2 Bb7 10.
Rfd1 Nbd7 11. Rac1 Rc8 12. cxd5 exd5 13. Ba6 Bxa6 14. Qxa6 c6 15. Na4 Bd6 16. Rc2 Ne4 17. Be1 b5 18. Bxa5 Qe7 19. Nb6 Nxb6 20. Bxb6 Ra8 0-1